 Dungeon Crawl Stone Soup version 0.31-a0-799-g6bc09d010c (webtiles) character file.

Game seed: 11075500557670057297

21950 demibob the Impaler (level 12, -18/106 HPs)
             Began as a Merfolk Chaos Knight on Sept 19, 2023.
             Was a Plaything of Xom.
             Demolished by a bunyip (glowing shapeshifter) (26 damage)
             ... on level 2 of the Lair of Beasts.
             The game lasted 00:18:58 (8639 turns).

demibob the Impaler (Merfolk Chaos Knight)          Turns: 8639, Time: 00:18:59

Health: -18/106    AC: 11    Str: 15    XL:     12   Next: 95%
Magic:  12/12      EV: 17    Int: 16    God:    Xom [*.....]
Gold:   291        SH:  0    Dex: 17    Spells: 11/11 levels left

rFire   + . .        a - +12 glaive of Prune {freeze, Prune}
rCold   . . .        (shield currently unavailable)
rNeg    . . .        s - +2 leather armour
rPois   +            c - +2 hat
rElec   +            (no cloak)
rCorr   +            q - +2 pair of gloves
SInv    .            d - +0 pair of boots
Will    +....        h - amulet of regeneration
Stlth   ++           P - ring of poison resistance
HPRegen 1.17/turn    L - ring of flight
MPRegen 0.13/turn

%: no passive effects
@: mighty, lethally poisoned (-18 -> -26), resistant, flying
A: (nimble swimmer 2), mertail, thin skeletal structure 1, clever 1,
strong-willed 1, sense surroundings 1, electricity resistance, strong 1, no
potion heal 1, cold vulnerability 1
a: Renounce Religion


You were on level 2 of the Lair of Beasts.
You worshipped Xom.
You were a special plaything of Xom.
You visited 2 branches of the dungeon, and saw 13 of its levels.

You collected 639 gold pieces.
You spent 348 gold pieces at shops.


Innate Abilities, Weirdness & Mutations

((You are very nimble when in or above water. (Stealth+, EV+, Speed+++)))
Your lower body shifts to a powerful aquatic tail in water.
You have a somewhat thin skeletal structure. (Dex +2, Stealth+)
Your mind is acute. (Int +4, Str/Dex -1)
You are strong-willed. (Will+)
You passively map a small area around you.
You are resistant to electric shocks. (rElec)
Your muscles are strong. (Str +4, Int/Dex -1)
Potions are less effective at restoring your health.
You are vulnerable to cold. (rC-)


   Skills:
 + Level 13.8 Fighting
 - Level 20.0 Polearms
 + Level 0.6 Armour
 - Level 10.3 Dodging


You had 11 spell levels left.
You didn't know any spells.
Your spell library contained the following spells:

 Spells                   Type           Power      Damage    Failure   Level
 Call Canine Familiar     Summ           0%         N/A       67%         3
 Sigil of Binding         Hex            0%         N/A       67%         3
 Dimensional Bullseye     Hex/Tloc       0%         N/A       97%         4
 Leda's Liquefaction      Hex/Erth       0%         N/A       97%         4

Inventory:

Hand Weapons
 a - the +12 glaive of Prune (weapon) {freeze, Prune}
   (You acquired it on level 7 of the Dungeon)

   Prune:     It halves damage taken while paralysed, petrified or unconscious.
 b - a +0 halberd of flaming
 i - a +0 spear of chaos
Missiles
 e - a throwing net {=f}
 x - 5 atropa-tipped darts
Armour
 c - a +2 hat (worn)
 d - a +0 pair of boots (worn)
 q - a +2 pair of gloves (worn)
 s - a +2 leather armour (worn)
Magical Staves
 w - a staff of air {!a}
 E - a staff of death {!a}
Jewellery
 h - an amulet of regeneration (around neck)
 L - a ring of flight (right hand)
 P - a ring of poison resistance (left hand)
 R - a ring of resist corrosion
 W - a ring of willpower
Wands
 k - a wand of quicksilver (5)
 n - a wand of flame (26)
 t - a wand of paralysis (19)
 y - a wand of roots (3)
Scrolls
 l - 2 scrolls of enchant weapon
 m - 3 scrolls of immolation
 u - a scroll of teleportation {@r2}
 A - a scroll of enchant armour
 F - a scroll of fog
 G - a scroll of revelation
 H - a scroll of butterflies
Potions
 f - a potion of enlightenment
 g - 2 potions of degeneration
 j - a potion of cancellation
 o - 3 potions of ambrosia
 p - 3 potions of curing {@q1}
 r - a potion of resistance
 v - a potion of magic
 z - 2 potions of attraction
 B - a potion of invisibility {unknown}
 D - a potion of lignification

Dungeon Overview and Level Annotations

Branches:
Dungeon (10/15)            Temple (0/1) D:7            Lair (3/5) D:10
  Snake (0/4) Lair:2          Orc (0/2) D:9
  Swamp: Lair:2-3    Shoals: Lair:2-3

Altars:
Hepliaklqana
Okawaru
Xom
Lugonu

Shops:
D:1 [   D:5 *   D:8 =?(*

Portals:
Abyss: D:4

#..<........# #
##..........### #
#............###
###.....###...(..
#P#...##.####...#
#....##### #.#...
##°..## ####..
###°°#.##### #.#
#.°@#.#.#..## ######
##x°°##.....###..###
#°.P#..##...#....#.
#.....###......÷..#
#.....# ###........
##...## ##...P....
#..P# #.######## ###
###.## ##########
###.###.÷..# #.#...#


You could see a bunyip shaped shifter.


Message History

You slice the death drake!! You freeze the death drake.
The death drake is severely wounded.
The death drake breathes miasma at you. The foul vapour engulfs you!!
* * * LOW HITPOINT WARNING * * *
You closely miss the death drake.
The death drake is severely wounded.
You are engulfed in dark miasma.
* * * LOW HITPOINT WARNING * * *
The fungus is engulfed in dark miasma.
The fungus begins to die.
The death drake bites you but does no damage.
Unknown command.
You closely miss the death drake.
The death drake is severely wounded.
You are engulfed in dark miasma.
You are poisoned.
* * * LOW HITPOINT WARNING * * *
You feel very sick.
The death drake changes into a bunyip!
The fungus is engulfed in dark miasma.
You slash the bunyip! You freeze the bunyip.
The bunyip is almost dead.
You are engulfed in dark miasma.
* * * LOW HITPOINT WARNING * * *
You feel very sick.
The fungus is engulfed in dark miasma.
The bunyip is engulfed in dark miasma.
The bunyip claws you!!
* * * LOW HITPOINT WARNING * * *
The bunyip claws you!!
You die...
Xom chuckles heartily!

Skill      XL: |  1  2  3  4  5  6  7  8  9 10 11 12 |
---------------+-------------------------------------+-----
Polearms       | 5 6 7 8 10 12 14 16 18 19 20 | 20.0
Dodging        | 3 8 10 | 10.3
Fighting       | 5 9 13 | 13.8
Armour         | |  0.6

Action                     |  1- 3 |  4- 6 |  7- 9 | 10-12 || total
---------------------------+-------+-------+-------+-------++-------
  Melee: Spear             |    89 |   162 |       |       ||   251
         Punch             |     1 |     1 |       |       ||     2
         Halberd           |       |    22 |   127 |     6 ||   155
         Headbutt          |       |     2 |     7 |       ||     9
         Glaive            |       |       |    66 |   396 ||   462
  Evoke: Wand              |       |       |     2 |    17 ||    19
    Use: Scroll            |     4 |     7 |     7 |    10 ||    28
         Potion            |       |     7 |     2 |     5 ||    14
   Stab: Sleeping          |     2 |     2 |     7 |     7 ||    18
         Paralysed         |     1 |       |       |       ||     1
         Distracted        |       |       |     1 |     1 ||     2
         Confused          |       |       |       |     1 ||     1
 Armour: Leather armour    |    25 |    65 |   119 |   150 ||   359
  Dodge: Dodged            |    33 |    85 |   106 |   151 ||   375

Levels and vault maps discovered:
D:1:      wander_arrival_estate, layout_rooms, serial_shops, shop,
          dk_noncrumbling_4, st_stairs_10, minivault_24
D:2:      layout_basic, minmay_bisected
D:3:      layout_basic, hellmonk_ecumenical_altar_watching_god, uniq_terence
D:4:      nicolae_cairo_tiling_very_big, layout_rooms,
          amcnicky_altar_lugonu_corruption
D:5:      layout_loops_ring, serial_shops, nicolae_shop_back_alley_shop
D:6:      hellmonk_crumbling_castle, layout_rooms, kennysheep_mini_moat,
          uniq_blork_the_orc
D:7:      layout_basic, minmay_temple_entry_butterflies, uniq_prince_ribbit1
D:8:      layout_cave_pools, serial_shops, shop, shop, shop,
          nicolae_shop_pleasant_corner_grove
D:9:      layout_irregular_city, zombieorc2_lemuel, minmay_lindwurm_lava
D:10:     layout_loops_ring, kennysheep_mini, david_lair_shrubbed,
          nicolae_kite_square_tiling_tiny
Lair:1:   layout_cave_pods, serial_bayou, serial_bayou_ford_a,
          serial_bayou_pond_a, serial_bayou_pond_d, serial_bayou_shore_b,
          serial_bayou_pond_d, serial_bayou_lagoon_b, beast_lair_carwin_1
Lair:2:   layout_layer_cave, minmay_snake_entry_guardpost_small
Lair:3:   layout_gridlike, nicolae_shoals_entry_flooding, beast_lair_carwin_8,
          infiniplex_staircase_pool_2, uniq_amaemon

Notes
Turn   | Place    | Note
-------+----------+-------------------------------------------
     0 | D:1      | demibob the Merfolk Chaos Knight began the quest for the
                  | Orb.
     0 | D:1      | Reached XP level 1. HP: 18/18 MP: 1/1
   118 | D:1      | XOM: 7-stop teleportation journey
   210 | D:1      | Reached XP level 2. HP: 24/24 MP: 2/2
   214 | D:1      | a hobgoblin changed into a glowing shapeshifter
   214 | D:1      | Noticed a glowing shapeshifter (glowing shapeshifter)
   214 | D:1      | a glowing shapeshifter changed into an anaconda
   214 | D:1      | Noticed an anaconda (glowing shapeshifter)
   215 | D:1      | XOM: noise
   216 | D:1      | >>dude
   265 | D:2      | Reached skill level 5 in Polearms
   305 | D:2      | XOM: divination: detect items
   333 | D:2      | XOM: noise
   360 | D:2      | Reached XP level 3. HP: 29/29 MP: 3/3
   401 | D:2      | Reached skill level 6 in Polearms
   524 | D:2      | XOM: torment (16/29 hp)
   532 | D:2      | XOM: give mutation
   532 | D:2      | Gained mutation: You are agile. (Dex +4, Str/Int -1) [Xom's
                  | grace]
   801 | D:2      | Reached XP level 4. HP: 35/35 MP: 4/4
   839 | D:2      | XOM: cloud trail
  1030 | D:3      | Noticed an ogre
  1034 | D:3      | Killed an ogre
  1034 | D:3      | XOM: divine lightning
  1043 | D:3      | Reached skill level 7 in Polearms
  1049 | D:3      | Noticed Terence
  1059 | D:3      | Killed Terence
  1060 | D:3      | Reached XP level 5. HP: 36/41 MP: 5/5
  1070 | D:3      | XOM: cast spell 'Chain of Chaos'
  1095 | D:3      | Reached skill level 8 in Polearms
  1095 | D:3      | XOM: smoke on damage
  1295 | D:3      | XOM: 2-stop teleportation journey
  1408 | D:3      | XOM: give mutation
  1408 | D:3      | Gained mutation: Your magical capacity is low. (-10% MP)
                  | [Xom's mischief]
  1546 | D:3      | Noticed a floating eye
  1548 | D:3      | Found a faded altar of an unknown god.
  1549 | D:3      | Noticed a great orb of eyes
  1549 | D:3      | Noticed a floating eye
  1549 | D:3      | Noticed a great orb of eyes
  1667 | D:1      | XOM: silly message
  1702 | D:1      | XOM: give mutations
  1702 | D:1      | Gained mutation: You have hidden genetic potential. [Xom's
                  | mischief]
  1702 | D:1      | Lost mutation: You are agile. (Dex +4, Str/Int -1) [Xom's
                  | mischief]
  1702 | D:1      | Gained mutation: Your system is resistant to poisons.
                  | (rPois) [Xom's mischief]
  1702 | D:1      | Gained mutation: Your magical capacity is very low. (-20%
                  | MP) [Xom's mischief]
  1760 | D:1      | Found Weattia's Antique Armour Emporium.
  1892 | D:4      | Reached XP level 6. HP: 10/47 MP: 4/4
  2084 | D:4      | XOM: enchant monster (bad)
  2093 | D:4      | Reached skill level 9 in Polearms
  2225 | D:4      | Found a one-way gate to the infinite horrors of the Abyss.
  2253 | D:4      | Found a corrupted altar of Lugonu.
  2392 | D:4      | XOM: cloud trail
  2436 | D:5      | Entered Level 5 of the Dungeon
  2504 | D:5      | Gained mutation: You have a pair of small horns on your
                  | head. [hidden potential]
  2563 | D:5      | XOM: butterfly on damage
  2567 | D:5      | Lost mutation: You have a pair of small horns on your head.
                  | [potion of mutation]
  2567 | D:5      | Lost mutation: Your system is resistant to poisons. (rPois)
                  | [potion of mutation]
  2567 | D:5      | Lost mutation: You have hidden genetic potential. [potion
                  | of mutation]
  2567 | D:5      | Gained mutation: You are vulnerable to heat. (rF-) [potion
                  | of mutation]
  2567 | D:5      | Gained mutation: You occasionally shout uncontrollably at
                  | your foes. [potion of mutation]
  2567 | D:5      | Gained mutation: You have a pair of small horns on your
                  | head. [potion of mutation]
  2576 | D:5      | Lost mutation: You are vulnerable to heat. (rF-) [potion of
                  | mutation]
  2576 | D:5      | Lost mutation: Your magical capacity is very low. (-20% MP)
                  | [potion of mutation]
  2576 | D:5      | Gained mutation: You sometimes lose your temper in combat.
                  | [potion of mutation]
  2576 | D:5      | Gained mutation: Your body sometimes deteriorates upon
                  | taking damage. [potion of mutation]
  2630 | D:5      | Reached skill level 10 in Polearms
  2630 | D:5      | Reached XP level 7. HP: 52/52 MP: 6/6
  2635 | D:5      | Found Qaisi's Assorted Antiques.
  2639 | D:5      | Bought a shimmering chain mail for 190 gold pieces
  2639 | D:5      | Identified the +3 chain mail of the Past {Will- Int-5
                  | Dex+4} (You bought it in a shop on level 5 of the Dungeon)
  2640 | D:5      | Bought a scroll labelled MUN LUM ULEATRI for 20 gold pieces
  2989 | D:5      | XOM: god gift: potion of curing
  2992 | D:5      | Reached skill level 11 in Polearms
  3047 | D:5      | XOM: fog
  3167 | D:6      | Lost mutation: You have a pair of small horns on your head.
                  | [potion of mutation]
  3167 | D:6      | Lost mutation: Your body sometimes deteriorates upon taking
                  | damage. [potion of mutation]
  3167 | D:6      | Lost mutation: Your magical capacity is low. (-10% MP)
                  | [potion of mutation]
  3167 | D:6      | Gained mutation: You are vulnerable to cold. (rC-) [potion
                  | of mutation]
  3167 | D:6      | Gained mutation: You have a somewhat thin skeletal
                  | structure. (Dex +2, Stealth+) [potion of mutation]
  3198 | D:6      | Noticed a steam dragon
  3205 | D:6      | Killed a steam dragon
  3206 | D:6      | Reached skill level 12 in Polearms
  3206 | D:6      | Reached XP level 8. HP: 54/58 MP: 8/8
  3288 | D:5      | Reached skill level 13 in Polearms
  3323 | D:5      | XOM: scenery: create altars
  3428 | D:6      | Noticed Blork the orc
  3433 | D:6      | Killed Blork the orc
  3471 | D:6      | Reached skill level 14 in Polearms
  3634 | D:6      | Found a hazy altar of Hepliaklqana.
  3757 | D:7      | Identified a scroll of acquirement
  3757 | D:7      | Acquired the +12 glaive of Prune {freeze, Prune}
  3757 | D:7      | Found the +12 glaive of Prune {freeze, Prune}
  3908 | D:7      | Reached skill level 3 in Dodging
  3908 | D:7      | Reached XP level 9. HP: 64/64 MP: 9/9
  3911 | D:7      | Found a staircase to the Ecumenical Temple.
  3928 | D:7      | Reached skill level 4 in Dodging
  4000 | D:7      | Noticed Prince Ribbit
  4004 | D:7      | Killed Prince Ribbit
  4004 | D:7      | XOM: god gift: 5 atropa-tipped darts
  4005 | D:7      | Reached skill level 15 in Polearms
  4005 | D:7      | Reached skill level 5 in Dodging
  4093 | D:7      | XOM: scenery: 1 doors close
  4167 | D:7      | XOM: god gift: scroll of immolation
  4185 | D:7      | XOM: 1-stop teleportation journey
  4480 | D:8      | XOM: divination: detect items
  4481 | D:8      | XOM: summons 1 hostile shadow creature
  4484 | D:8      | XOM: fog
  4486 | D:8      | Reached skill level 6 in Dodging
  4491 | D:8      | XOM: cast spell 'Summon Horrible Things'
  4572 | D:8      | Reached skill level 7 in Dodging
  4580 | D:8      | Reached skill level 16 in Polearms
  4586 | D:8      | Reached skill level 8 in Dodging
  4591 | D:8      | XOM: destruction
  4594 | D:8      | Reached XP level 10. HP: 45/70 MP: 10/10
  4629 | D:8      | Found Suod's Magic Scroll Emporium.
  4638 | D:8      | Bought a scroll of identify for 24 gold pieces
  4638 | D:8      | Bought a scroll of enchant armour for 90 gold pieces
  4638 | D:8      | Bought a scroll of identify for 24 gold pieces
  4639 | D:8      | Identified 2 potions of resistance
  4698 | D:8      | XOM: cloud trail
  4707 | D:8      | Found Vautzuun's Jewellery Shoppe.
  4791 | D:8      | Found Qoaxinedd's Assorted Antiques.
  4912 | D:8      | Found Woco's Weapon Boutique.
  4940 | D:8      | XOM: give mutations
  4940 | D:8      | Gained mutation: You passively map a small area around you.
                  | [Xom's grace]
  4940 | D:8      | Gained mutation: You are strong-willed. (Will+) [Xom's
                  | grace]
  4940 | D:8      | Gained mutation: Your mind is acute. (Int +4, Str/Dex -1)
                  | [Xom's grace]
  4940 | D:8      | Gained mutation: You passively map the area around you.
                  | [Xom's grace]
  4967 | D:9      | Reached skill level 9 in Dodging
  5032 | D:9      | Noticed a lindwurm
  5032 | D:9      | Noticed a lindwurm
  5033 | D:9      | Noticed a lindwurm
  5033 | D:9      | Noticed a lindwurm
  5034 | D:9      | XOM: butterfly on damage
  5085 | D:9      | XOM: enchant monster (bad)
  5100 | D:9      | Noticed a two-headed ogre
  5104 | D:9      | Killed a two-headed ogre
  5125 | D:9      | Found a staircase to the Orcish Mines.
  5137 | D:9      | XOM: cleaving
  5139 | D:9      | XOM: enchant monster (good)
  5148 | D:9      | Reached skill level 17 in Polearms
  5153 | D:9      | Reached skill level 10 in Dodging
  5307 | D:9      | Killed a lindwurm
  5308 | D:9      | Reached skill level 4 in Fighting
  5312 | D:9      | XOM: confuse monster(s)
  5520 | D:9      | XOM: summons friendly shadow imp
  5543 | D:9      | XOM: noise
  5642 | D:9      | XOM: summons friendly ufetubus
  5656 | D:10     | Entered Level 10 of the Dungeon
  5681 | D:10     | XOM: god gift: potion of attraction
  5778 | D:10     | XOM: give mutation
  5778 | D:10     | Lost mutation: You sometimes lose your temper in combat.
                  | [Xom's grace]
  5807 | D:10     | Reached skill level 5 in Fighting
  5971 | D:10     | XOM: polymorph orc -> shapeshifter
  5972 | D:10     | Found a staircase to the Lair.
  5972 | D:10     | a shapeshifter changed into a harpy
  5972 | D:10     | Noticed a harpy (shapeshifter)
  5977 | D:10     | Killed a harpy
  5978 | D:10     | Reached skill level 18 in Polearms
  5978 | D:10     | Reached XP level 11. HP: 81/81 MP: 11/11
  6002 | D:10     | Reached skill level 6 in Fighting
  6152 | D:10     | Found an iron altar of Okawaru.
  6167 | D:10     | XOM: repel stairs
  6200 | D:10     | XOM: scenery: create altars
  6363 | D:10     | XOM: give mutations
  6363 | D:10     | Gained mutation: Potions are less effective at restoring
                  | your health. [Xom's mischief]
  6363 | D:10     | Gained mutation: Your mind is very acute. (Int +8, Str/Dex
                  | -2) [Xom's mischief]
  6394 | Lair:1   | Entered Level 1 of the Lair of Beasts
  6415 | Lair:1   | Reached skill level 7 in Fighting
  6580 | Lair:1   | Reached skill level 8 in Fighting
  6584 | Lair:1   | Reached skill level 19 in Polearms
  6883 | Lair:1   | XOM: 1-stop teleportation journey
  7031 | Lair:1   | Reached skill level 9 in Fighting
  7036 | Lair:1   | XOM: swap monsters
  7426 | Lair:1   | XOM: give mutations
  7426 | Lair:1   | Lost mutation: Your mind is very acute. (Int +8, Str/Dex
                  | -2) [Xom's mischief]
  7426 | Lair:1   | Gained mutation: You are resistant to electric shocks.
                  | (rElec) [Xom's mischief]
  7489 | Lair:2   | Reached XP level 12. HP: 96/96 MP: 12/12
  7496 | Lair:2   | Found a staircase to the Snake Pit.
  7569 | Lair:2   | XOM: enchant monster (bad)
  7588 | Lair:2   | Reached skill level 10 in Fighting
  7588 | Lair:2   | Reached skill level 20 in Polearms
  7705 | Lair:2   | XOM: potion effect (haste)
  7805 | Lair:2   | Reached skill level 11 in Fighting
  8008 | Lair:2   | XOM: blink monster(s)
  8035 | Lair:2   | Noticed a five-headed hydra
  8044 | Lair:2   | Killed a one-headed hydra
  8045 | Lair:2   | Reached skill level 12 in Fighting
  8074 | Lair:2   | XOM: 3-stop teleportation journey
  8080 | Lair:2   | Noticed a death yak
  8080 | Lair:2   | Noticed a death yak
  8080 | Lair:2   | Noticed a death yak
  8081 | Lair:2   | Noticed a death yak
  8088 | Lair:2   | Noticed a death yak
  8091 | Lair:2   | Killed a death yak
  8096 | Lair:2   | Killed a death yak
  8096 | Lair:2   | XOM: swap monsters
  8326 | Lair:2   | XOM: blink monster(s)
  8344 | Lair:2   | Killed a death yak
  8344 | Lair:2   | XOM: blink monster(s)
  8345 | Lair:2   | Reached skill level 13 in Fighting
  8352 | Lair:2   | XOM: potion effect (might)
  8354 | Lair:2   | Killed a death yak
  8360 | Lair:2   | Killed a death yak
  8362 | Lair:2   | XOM: noise
  8505 | Lair:2   | XOM: give mutations
  8505 | Lair:2   | Lost mutation: You occasionally shout uncontrollably at
                  | your foes. [Xom's mischief]
  8505 | Lair:2   | Lost mutation: You passively map the area around you.
                  | [Xom's mischief]
  8624 | Lair:3   | Noticed a death yak
  8624 | Lair:3   | Noticed a death yak
  8624 | Lair:3   | Noticed a death yak
  8625 | Lair:3   | a death yak changed into a frost giant
  8625 | Lair:3   | Noticed a frost giant
  8625 | Lair:3   | XOM: polymorph death yak -> frost giant
  8626 | Lair:3   | XOM: smoke on damage
  8633 | Lair:2   | a frost giant changed into a glowing shapeshifter
  8633 | Lair:2   | XOM: polymorph frost giant -> glowing shapeshifter
  8634 | Lair:2   | XOM: give mutations
  8634 | Lair:2   | Gained mutation: You sometimes lose your temper in combat.
                  | [Xom's mischief]
  8634 | Lair:2   | Lost mutation: You sometimes lose your temper in combat.
                  | [Xom's mischief]
  8634 | Lair:2   | Gained mutation: Your muscles are strong. (Str +4, Int/Dex
                  | -1) [Xom's mischief]
  8638 | Lair:2   | a death drake changed into a bunyip
  8638 | Lair:2   | Noticed a bunyip (glowing shapeshifter)
  8639 | Lair:2   | HP: 8/106 [bunyip (glowing shapeshifter) (20)]
  8639 | Lair:2   | Demolished by a bunyip (glowing shapeshifter)

Vanquished Creatures
  A hydra (Lair:2)
  A two-headed ogre (D:9)
  5 death yaks (Lair:2)
  A harpy (shapeshifter) (D:10)
  A lindwurm (D:9)
  2 black mambas
  9 cane toads
  4 komodo dragons
  A rime drake (Lair:2)
  A troll (D:10)
  2 polar bears (Lair:1)
  A hornet (D:9)
  Prince Ribbit (D:7)
  7 blink frogs (Lair:2)
  2 shadows
  4 wyverns
  28 yaks
  A basilisk (Lair:2)
  A steam dragon (D:6)
  4 nagas (Lair:2)
  2 acid dragons
  7 water moccasins
  A sky beast (D:7)
  3 orc warriors
  2 ice beasts (D:6)
  A black bear (D:6)
  A wolf (Lair:1)
  3 ogres
  3 phantoms
  3 centaurs
  A kobold brigand (D:9)
  Blork the orc (D:6)
  7 bullfrogs
  3 scorpions (D:5)
  4 killer bees (D:9)
  2 troll zombies (D:9)
  3 electric eels (Lair:1)
  5 howler monkeys
  2 hounds
  2 jellies
  2 orc priests (D:9)
  5 iguanas
  A gnoll bouda (D:9)
  Terence (D:3)
  4 sleepcaps
  6 orc wizards
  6 ogre zombies (D:9)
  12 gnolls
  7 adders
  An ufetubus (D:6)
  2 worms
  A dart slug (D:3)
  28 orcs
  7 endoplasms
  8 giant cockroaches
  6 goblins
  3 hobgoblins
  A jackal (D:1)
  10 kobolds
  3 quokkas
  2 ball pythons
  4 bats
  2 frilled lizards
  A goblin skeleton (D:9)
  A goblin zombie (D:9)
  2 hobgoblin skeletons (D:9)
  2 hobgoblin zombies (D:9)
  3 orc skeletons (D:9)
  15 orc zombies (D:9)
  6 rats
  A lurking horror (D:4)
286 creatures vanquished.

Vanquished Creatures (collateral kills)
  A sleepcap (D:8)
1 creature vanquished.

Vanquished Creatures (others)
  An ogre (D:3)
1 creature vanquished.

Grand Total: 288 creatures vanquished

Table legend: (Time is in decaauts)
 A = Elapsed time spent in this place.
 B = Non-inter-level travel time spent in this place.
 C = Inter-level travel time spent in this place.
 D = Time resting spent in this place.
 E = Time spent auto-exploring this place.
 F = Levels seen in this place.
 G = Mean time per level.
                   A        B        C        D        E       F      G
               +--------+--------+--------+--------+--------+-----+--------+
         Total |   8487 |   8115 |    372 |    379 |   6027 |  13 |  652.8 |
       Dungeon |   6364 |   6118 |    246 |    315 |   4475 |  10 |  636.4 |
          Lair |   2122 |   1997 |    125 |     64 |   1552 |   3 |  707.3 |
               +--------+--------+--------+--------+--------+-----+--------+

Top non-repeatable levels by time:
  Lair:2: 1103 daAuts
  Lair:1: 1015 daAuts
     D:5: 810 daAuts
     D:2: 775 daAuts
    D:10: 731 daAuts
     D:7: 721 daAuts
     D:9: 702 daAuts
     D:3: 612 daAuts
     D:8: 518 daAuts
     D:4: 511 daAuts
     D:6: 507 daAuts
     D:1: 473 daAuts
  Lair:3: 3 daAuts

Table legend:
 A = Non-vault XP
 B = Vault XP
 C = Vault XP percentage of total XP
 D = Non-vault monster count
 E = Vault monster count
 F = Vault count percentage of total count
                 A         B        C        D         E       F
            +---------+---------+-------+---------+---------+-------
      Total |   27343 |    4015 |  12.8 |     232 |      55 |  19.2
            +---------+---------+-------+---------+---------+-------
        D:1 |      18 |       2 |  10.0 |      11 |       1 |   8.3
        D:2 |      65 |       5 |   7.1 |      18 |       3 |  14.3
        D:3 |     183 |      36 |  16.4 |      23 |       1 |   4.2
        D:4 |     145 |       0 |   0.0 |      11 |       0 |   0.0
        D:5 |     694 |       0 |   0.0 |      19 |       0 |   0.0
        D:6 |     908 |      91 |   9.1 |      16 |       1 |   5.9
        D:7 |     805 |     259 |  24.3 |       9 |       1 |  10.0
        D:8 |    1958 |       0 |   0.0 |      27 |       0 |   0.0
        D:9 |    2270 |    1180 |  34.2 |      25 |      36 |  59.0
       D:10 |    2024 |     383 |  15.9 |      10 |       1 |   9.1
     Lair:1 |    5285 |    1404 |  21.0 |      22 |       7 |  24.1
     Lair:2 |   12988 |     655 |   4.8 |      41 |       4 |   8.9
            +---------+---------+-------+---------+---------+-------
